Map: Romanticide LE

Players

LiquidClem (Clem) - Winner!

  • Race: Terran Terran
  • League: Grandmaster
  • Spawn Location: 11:00

Reynor

  • Race: Zerg Zerg
  • League: Master
  • Spawn Location: 5:00

Event: DreamHack SC2 Masters 2020 Winter

VOD

Have the link to the VOD?

Description

Time

  • Played on: Nov. 14, 2020, 1:17 p.m.
  • Length: 14:19

All games in this series

Show
View Real Time Build Order
Export as new Build Order

LiquidClem Terran - Winner!

Build Orders: Reaper Expand 

Get SALT Encoding   

  12  0:00  SCV  
  13  0:12  SCV  
  14  0:17  Supply Depot  
  14  0:24  SCV  
  15  0:38  SCV  
  15  0:41  Barracks  
  16  0:42  Refinery  
  16  0:50  SCV  
  17  1:02  SCV  
  18  1:14  SCV  
  19  1:29  Orbital Command, Reaper  
  20  1:40  Command Center  
  20  1:49  Supply Depot  
  20  1:55  SCV  
  20  2:01  Marine  
  22  2:07  SCV  
  23  2:12  Factory  
  23  2:19  SCV  
  23  2:20  Barracks Reactor  
  24  2:31  SCV  
  25  2:39  Command Center  
  25  2:43  SCV  
  26  2:51  Orbital Command  
  26  2:55  SCV  
  27  2:59  Barracks  
  27  3:04  Barracks Tech Lab  
  27  3:07  SCV  
  27  3:09  Hellion  
  30  3:13  Hellion  
  30  3:17  SCV  
  30  3:19  Refinery  
  33  3:21  SCV  
  33  3:23  Marine  
  33  3:26  Stimpack  
  35  3:30  SCV  
  36  3:37  SCV  
  37  3:41  Marine  
  37  3:42  SCV  
  37  3:48  Starport  
  39  3:50  Orbital Command  
  39  3:51  SCV  
  39  3:52  Factory Reactor  
  39  3:53  Marine x2  
  39  3:55  SCV  
  43  3:59  Marine  
  44  4:03  SCV  
  44  4:07  SCV  
  46  4:10  Marine  
  46  4:11  Marine  
  46  4:12  Supply Depot  
  46  4:15  SCV  
  49  4:17  Marine, SCV  
  49  4:19  SCV  
  52  4:28  SCV, Marine  
  52  4:29  Marine  
  55  4:32  Medivac, Refinery  
  55  4:33  Barracks  
  55  4:34  Medivac, Factory Tech Lab  
  55  4:35  Orbital Command  
  55  4:36  SCV  
  60  4:38  Marine, Supply Depot  
  60  4:43  SCV  
  62  4:46  Marine  
  62  4:47  Marine  
  62  4:48  SCV  
  65  4:56  Marine  
  65  4:57  Engineering Bay x2  
  65  4:58  Siege Tank  
  69  5:00  SCV x2  
  69  5:01  SCV  
  69  5:04  Marine x2  
  69  5:06  Refinery  
  74  5:14  Combat Shield, Marine  
  74  5:15  Supply Depot  
  74  5:18  SCV x2  
  74  5:20  Barracks Reactor  
  77  5:23  Supply Depot  
  77  5:27  Marine x2, SCV  
  80  5:31  Siege Tank  
  80  5:32  Marine, SCV  
  85  5:36  SCV  
  85  5:40  SCV, Barracks  
  87  5:42  Barracks  
  87  5:44  SCV  
  87  5:45  Marine x2  
  87  5:46  Supply Depot  
  87  5:49  Terran Infantry Weapons Level 1  
  90  5:57  Marine x3  
  90  5:58  SCV x2  
  90  5:59  SCV  
  90  6:00  Terran Infantry Armor Level 1  
  90  6:03  Marine x2  
  98  6:08  Siege Tank  
  98  6:10  Supply Depot, SCV x2  
  103  6:13  Medivac  
  103  6:15  SCV, Marine  
  107  6:20  Refinery  
  107  6:22  Supply Depot  
  107  6:23  Supply Depot, Marine  
  108  6:26  Marine  
  108  6:31  Marine, SCV x2  
  112  6:33  Supply Depot  
  112  6:35  Marine  
  112  6:36  Barracks Reactor  
  112  6:37  Barracks Reactor  
  112  6:38  Marine  
  114  6:41  Siege Tank  
  114  6:43  Marine, SCV  
  114  6:46  SCV  
  113  6:49  Marine  
  113  6:52  Marine, SCV  
  110  6:57  Marine x2  
  110  6:58  SCV  
  110  7:01  Marine  
  110  7:02  SCV  
  110  7:07  Marine, Medivac x2  
  116  7:09  Marine  
  116  7:10  Armory, SCV  
  116  7:12  SCV  
  116  7:13  Marine  
  116  7:14  SCV  
  116  7:15  Marine x2  
  122  7:18  Marine  
  113  7:25  Marine  
  113  7:27  Marine x4  
  113  7:28  Siege Tank  
  113  7:29  SCV  
  108  7:31  Marine  
  108  7:32  SCV  
  108  7:33  Marine x2  
  108  7:36  Marine  
  113  7:37  Medivac  
  113  7:40  Supply Depot  
  113  7:41  Supply Depot  
  113  7:43  Supply Depot  
  115  7:44  Marine  
  115  7:45  Marine  
  115  7:47  Medivac  
  115  7:49  Marine x2  
  121  7:52  SCV x2  
  121  7:56  Marine x2  
  121  7:58  SCV  
  121  8:00  Siege Tank  
  121  8:01  Marine  
  121  8:05  Marine x2  
  126  8:08  Supply Depot x2  
  126  8:12  Terran Infantry Weapons Level 2  
  126  8:13  Command Center  
  126  8:16  Terran Infantry Armor Level 2  
  126  8:17  Marine x2  
  128  8:20  Marine  
  128  8:21  Marine x3  
  128  8:26  Marine x3  
  135  8:30  Factory, SCV x3  
  138  8:35  Marine x2  
  138  8:38  Siege Tank, Marine x3  
  146  8:41  Marine  
  146  8:42  Supply Depot  
  146  8:43  SCV  
  146  8:44  Marine  
  146  8:46  Marine x2  
  146  8:47  Refinery  
  151  8:51  Supply Depot  
  151  8:52  Marine  
  151  8:54  Marine  
  153  8:57  Medivac  
  153  9:01  Marine  
  153  9:02  Marine x3  
  157  9:05  Marine  
  157  9:09  SCV, Marine x2  
  158  9:10  Siege Tank, Marine  
  158  9:12  Reaper  
  129  9:20  Marine x2  
  128  9:25  Marine x2  
  128  9:32  Marine  
  128  9:33  SCV  
  128  9:38  Medivac  
  116  9:40  SCV  
  116  9:42  Siege Tank  
  116  9:44  SCV  
  120  9:45  SCV  
  120  9:52  SCV  
  111  9:56  SCV  
  111  9:57  SCV  
  112  10:02  Marine  
  112  10:03  Marine x4  
  107  10:08  Marine x2  
  107  10:11  SCV  
  107  10:12  SCV  
  111  10:16  Factory Tech Lab  
  111  10:20  Planetary Fortress  
  111  10:21  SCV  
  112  10:24  SCV x2, Siege Tank  
  112  10:25  Marine  
  112  10:26  Marine  
  119  10:34  Medivac  
  121  10:35  SCV  
  121  10:36  Marine, Marauder  
  123  10:43  Marine x3  
  123  10:45  SCV x2  
  123  10:48  SCV  
  129  10:54  Marine  
  129  10:55  Siege Tank  
  129  10:56  Marine  
  135  10:57  SCV x2, Marauder  
  135  10:58  SCV, Marine  
  138  11:04  SCV  
  138  11:08  Siege Tank  
  138  11:09  SCV x2, Marine  
  138  11:10  Marine x4  
  147  11:17  Medivac, Supply Depot  
  149  11:19  Marauder  
  149  11:22  Marine  
  152  11:28  SCV  
  152  11:30  Marine x2  
  155  11:33  SCV  
  156  11:40  Marauder  
  156  11:41  Siege Tank  
  156  11:42  Barracks  
  156  11:43  Barracks  
  157  11:48  Siege Tank  
  157  11:52  Marine x2  
  157  11:53  Medivac  
  159  11:59  Marine x2  
  157  12:02  Marauder, SCV  
  157  12:03  Command Center  
  157  12:04  SCV  
  161  12:10  SCV x2  
  161  12:13  Siege Tank, Marine  
  161  12:14  Marine  
  168  12:20  Medivac, Marine x2  
  168  12:22  Marine  
  173  12:23  Marauder  
  175  12:36  Marine x2  
  177  12:37  Barracks Tech Lab x2  
  177  12:40  SCV, Supply Depot, Marine  
  177  12:41  Marine x2  
  181  12:45  Marauder  
  181  12:49  Siege Tank  
  186  12:52  SCV  
  186  12:57  Marauder  
  186  13:02  Siege Tank  
  186  13:05  Marauder  
  191  13:06  Marauder  
  191  13:07  Marine x3  
  191  13:11  Refinery, Command Center  
  191  13:12  Refinery  
  196  13:15  Marine x2, SCV x2  
  200  13:29  SCV, Marine x2  
  200  13:30  Command Center  
  200  13:31  Command Center  
  183  13:34  Siege Tank, Marine x2  
  183  13:35  Marauder  
  173  13:42  Siege Tank, Marine  
  173  13:43  Marauder x2  
  173  13:44  Marine  
  173  13:45  Marine x2  
  173  13:47  Marine  
  170  13:56  Marauder  
Show
View Real Time Build Order
Export as new Build Order

Reynor Zerg 

Build Orders: Hatch First, Lurkers 

Get SALT Encoding   

  12  0:00  Drone  
  13  0:11  Overlord  
  13  0:16  Drone  
  14  0:30  Drone x2  
  16  0:47  Hatchery  
  15  0:50  Drone  
  15  0:54  Drone  
  17  0:57  Drone  
  18  1:07  Extractor  
  17  1:13  Spawning Pool  
  17  1:15  Drone  
  17  1:18  Drone  
  18  1:27  Drone  
  19  1:38  Drone  
  20  1:49  Overlord  
  20  1:59  Queen  
  20  2:00  Queen, Zergling x4  
  26  2:10  Drone  
  26  2:11  Drone  
  28  2:21  Drone x2  
  30  2:29  Hatchery  
  29  2:31  Drone  
  29  2:32  Drone  
  31  2:39  Metabolic Boost  
  31  2:44  Queen  
  31  2:49  Overlord  
  33  2:52  Drone  
  33  2:53  Drone  
  33  2:56  Drone  
  36  3:08  Drone x2  
  36  3:09  Drone  
  36  3:11  Drone x2  
  41  3:14  Overlord  
  41  3:18  Drone  
  42  3:20  Queen  
  44  3:33  Drone  
  45  3:34  Drone, Queen  
  48  3:42  Queen, Zergling x4  
  48  3:43  Overlord  
  48  3:44  Drone x2  
  48  3:46  Drone  
  48  3:48  Drone  
  56  3:51  Drone x2  
  56  3:55  Overlord  
  58  3:57  Overlord  
  58  4:03  Evolution Chamber  
  58  4:05  Zergling x2  
  58  4:06  Drone x3  
  58  4:09  Drone  
  62  4:12  Queen  
  62  4:16  Drone x2  
  65  4:17  Zergling x2  
  65  4:19  Drone  
  65  4:20  Drone  
  65  4:23  Drone  
  69  4:26  Extractor  
  69  4:28  Drone  
  69  4:29  Drone, Overlord  
  69  4:30  Drone  
  71  4:35  Zerg Ground Armor Level 1  
  71  4:36  Drone x3  
  74  4:39  Drone x2  
  75  4:46  Drone x4  
  75  4:50  Lair  
  75  4:51  Zergling x6  
  82  5:00  Drone x2  
  82  5:01  Extractor x2  
  82  5:02  Baneling Nest, Zergling x2  
  82  5:07  Overlord  
  82  5:12  Drone x3, Hatchery  
  84  5:16  Zergling x6  
  84  5:19  Zergling x4  
  89  5:25  Zergling x2  
  89  5:27  Overlord  
  89  5:30  Queen, Zergling x4  
  89  5:36  Zergling x10  
  89  5:38  Zergling x4  
  89  5:40  Drone  
  97  5:47  Drone  
  98  5:52  Drone x2  
  98  5:53  Centrifical Hooks  
  98  5:54  Drone x3  
  101  5:57  Evolution Chamber  
  101  5:58  Drone  
  101  6:01  Zergling x2  
  102  6:05  Drone x3  
  102  6:06  Overlord  
  102  6:09  Hatchery  
  102  6:11  Baneling x4  
  104  6:15  Overlord  
  104  6:16  Zergling x2  
  105  6:19  Overlord  
  105  6:23  Zerg Melee Weapons Level 1  
  105  6:24  Zergling x2  
  105  6:25  Queen, Zergling x10  
  111  6:27  Zergling x6  
  111  6:28  Baneling x5  
  111  6:30  Zergling x2  
  111  6:31  Baneling x4  
  117  6:33  Zergling x2  
  117  6:35  Zergling x4  
  117  6:36  Zergling x6  
  117  6:39  Zergling x2  
  124  6:46  Zergling x8  
  127  6:48  Overlord  
  127  6:53  Zergling x4  
  127  6:55  Queen  
  127  6:56  Zergling x2  
  127  7:01  Zergling x8  
  127  7:04  Zergling x2  
  127  7:05  Baneling x7  
  127  7:06  Zergling x4  
  129  7:09  Zergling x2  
  129  7:16  Zergling x8  
  129  7:17  Zergling x2  
  129  7:22  Zergling x2  
  126  7:27  Zergling x4  
  126  7:29  Zergling x4  
  123  7:30  Queen  
  123  7:32  Zerg Ground Armor Level 2  
  123  7:34  Baneling x6  
  123  7:36  Drone x2  
  127  7:38  Zergling x4  
  127  7:40  Baneling x7  
  127  7:41  Zergling x4  
  127  7:43  Drone, Extractor  
  131  7:44  Hydralisk Den  
  131  7:46  Extractor  
  131  7:47  Infestation Pit  
  131  7:48  Drone  
  131  7:49  Drone x2  
  131  7:50  Zergling x2  
  133  7:51  Zergling x6  
  133  7:54  Drone  
  129  8:00  Zergling x4  
  129  8:03  Drone x4  
  129  8:04  Drone x2  
  129  8:05  Zergling x4  
  134  8:12  Hatchery, Zergling x2  
  134  8:13  Overlord x2  
  134  8:15  Overlord x2  
  134  8:17  Baneling x6  
  134  8:19  Zergling x6  
  136  8:26  Zergling x8  
  140  8:27  Drone  
  140  8:31  Infestation Pit  
  140  8:33  Drone x2  
  143  8:34  Hive  
  143  8:35  Overlord  
  143  8:36  Drone x3  
  143  8:39  Burrow, Extractor  
  143  8:40  Extractor  
  144  8:42  Drone x3  
  144  8:44  Zergling x4, Hydralisk  
  151  8:49  Hydralisk x3  
  151  8:50  Zergling x8  
  151  8:52  Hydralisk  
  151  8:53  Zergling x2  
  151  8:55  Baneling  
  164  8:57  Zergling x4  
  164  8:58  Overlord  
  164  9:01  Hydralisk  
  164  9:02  Zergling x4  
  166  9:12  Hydralisk  
  166  9:13  Zergling x14  
  166  9:15  Hydralisk  
  166  9:16  Zergling x8  
  159  9:18  Baneling x8  
  159  9:20  Hydralisk  
  159  9:21  Zergling x8  
  153  9:25  Hydralisk  
  153  9:28  Zergling x6  
  153  9:31  Zergling x2, Hydralisk  
  152  9:33  Hydralisk  
  143  9:38  Hydralisk  
  143  9:39  Queen x2, Zergling x2  
  143  9:43  Hydralisk  
  143  9:44  Zergling x2  
  149  9:46  Zergling x6, Hydralisk  
  149  9:52  Hydralisk  
  146  9:53  Zergling x2  
  146  9:59  Zergling x10  
  143  10:00  Baneling Nest, Zergling x2  
  143  10:05  Lurker Den  
  139  10:09  Zergling x6  
  142  10:15  Hatchery  
  142  10:16  Muscular Augments  
  142  10:20  Zergling x8  
  145  10:24  Zergling x6  
  145  10:26  Zergling x2  
  145  10:27  Zergling x2  
  141  10:38  Hatchery  
  140  10:43  Hatchery  
  132  11:03  Lurker x6  
  138  11:06  Drone  
  138  11:07  Drone x4  
  143  11:17  Zergling x12  
  149  11:21  Zergling x4  
  150  11:28  Overlord  
  146  11:35  Overlord  
  146  11:46  Adaptive Talons  
  116  11:59  Drone  
  116  12:01  Drone x9  
  124  12:02  Spawning Pool  
  124  12:03  Lurker  
  124  12:05  Drone x3  
  122  12:17  Drone x6  
  122  12:18  Drone x3  
  122  12:19  Drone  
  122  12:21  Extractor  
  130  12:28  Viper  
  133  12:30  Drone  
  133  12:31  Drone x6  
  140  12:38  Drone  
  140  12:39  Drone x4  
  141  12:52  Hydralisk x4  
  141  12:53  Zergling x2  
  141  12:56  Overlord  
  149  13:03  Lurker x2  
  149  13:04  Zergling x10  
  128  13:13  Overlord  
  128  13:15  Zergling x8  
  104  13:23  Lurker  
  104  13:24  Lurker  
  104  13:26  Zergling x4  
  96  13:34  Baneling x2  
  84  13:43  Zergling x10  
  89  13:55  Zergling x8  
  88  14:00  Zergling x2  
Tags
 
Add a new tag
Caveats
  • Supply blocks, unpowered buildings, or Contaminate may cause inaccurate times.
  • Supply counts are checked every 10 seconds.